AoeStats
← Bzm_JöNTüRK

Arena

510613545Analyzed
4v4 RM · 2d ago on Oct 1, 2026· 37m 46s· 8 players
Game mode
Random Map
Map size
Large (8 player)
Population
200
Speed
Normal
Resources
Standard
Victory
Conquest
Starting age
Dark Age
Ending age
Imperial Age
RankedLock teamsTeams togetherTeam positionsShared explorationLock speedFull tech treeHidden civsTurbo modeCheats
Victory
Defeat
🇬🇧 Hindustanis · United Kingdom
1604
+9
🇬🇧 Tupi · United Kingdom
1592
+10
🇬🇧 Vikings · United Kingdom
1535
+12
🇬🇧 Cumans · United Kingdom
1376
+17
🇲🇽 Koreans · Mexico
1462
-13
🇩🇪 Khmer · Germany
1447
-12
🇹🇷 Bohemians · Türkiye
1442
-12
🇨🇴 Gurjaras · Colombia
1416
-11
CAXCAN
11:52 Feudal Age
12:52 Horse Collar
13:02 Double-Bit Axe
15:58 Castle Age
14:35 Arson
14:52 Scale Mail Armor
15:45 Forging
18:00 Chain Mail Armor
20:42 Squires
20:38 Loom
29:43 Wheelbarrow
28:56 Town Watch
31:13 Hand Cart
36:58 Imperial Age
33:57 Elite Skirmisher
34:43 Thumb Ring
35:33 Fletching
36:21 Bodkin Arrow
Cronik
11:16 Feudal Age
14:28 Castle Age
12:20 Double-Bit Axe
17:01 Bow Saw
17:49 Wheelbarrow
20:01 Horse Collar
21:38 Heavy Plow
23:00 Hand Cart
23:43 Gold Mining
29:08 Imperial Age
26:48 Loom
28:03 Gold Shaft Mining
27:34 Town Watch
27:41 Fletching
28:22 Stone Mining
28:29 Bodkin Arrow
28:36 Padded Archer Armor
28:57 Ballistics
28:48 Masonry
29:35 Husbandry
29:46 Bloodlines
30:29 Conscription
29:47 Elite Ballista Elephant
31:23 Double Crossbow
31:25 Bracer
32:40 Crop Rotation
33:13 Chemistry
32:30 Leather Archer Armor
34:39 Ring Archer Armor
37:44 Architecture
juand400
10:32 Feudal Age
14:11 Castle Age
12:49 Double-Bit Axe
13:15 Horse Collar
17:25 Loom
23:15 Scale Mail Armor
25:12 Wheelbarrow
25:28 Gold Mining
25:50 Bow Saw
26:34 Town Watch
27:04 Hand Cart
29:47 Imperial Age
28:08 Scale Barding Armor
28:13 Forging
29:49 Chain Barding Armor
31:21 Bloodlines
30:33 Heavy Camel Rider
31:16 Husbandry
30:39 Elite Shrivamsha Rider
32:41 Plate Barding Armor
32:43 Iron Casting
32:43 Heavy Plow
34:33 Gold Shaft Mining
Bzm_JöNTüRK
9:29 Feudal Age
15:51 Castle Age
14:19 Double-Bit Axe
14:26 Horse Collar
19:05 Heavy Plow
23:03 Wheelbarrow
24:44 Town Watch
25:17 Hand Cart
24:51 Loom
31:53 Imperial Age
31:14 Chemistry
30:34 Ballistics
32:27 Padded Archer Armor
33:41 Houfnice
Reilled
10:49 Feudal Age
14:28 Castle Age
14:31 Double-Bit Axe
14:27 Horse Collar
15:49 Bow Saw
21:37 Wheelbarrow
21:30 Loom
21:42 Gold Mining
27:46 Imperial Age
25:31 Hand Cart
25:27 Heavy Plow
25:38 Padded Archer Armor
27:04 Leather Archer Armor
26:55 Town Watch
29:49 Chemistry
29:54 Ring Archer Armor
31:16 Shatagni
32:25 Murder Holes
33:33 Fletching
34:25 Siege Engineers
35:27 Bodkin Arrow
SapientFez
10:14 Feudal Age
15:07 Castle Age
13:02 Horse Collar
13:54 Double-Bit Axe
15:10 Gold Mining
15:29 Loom
17:11 Fletching
18:28 Bodkin Arrow
19:52 Loom
20:50 Bow Saw
31:24 Town Watch
35:51 Imperial Age
34:15 Wheelbarrow
35:06 Stone Mining
35:17 Heavy Plow
35:44 Caravan
35:39 Elite Skirmisher
37:55 Bracer
37:48 Guard Tower
38:59 Chemistry
38:19 Ballistics
CD播放机
10:28 Feudal Age
14:36 Castle Age
12:50 Double-Bit Axe
12:46 Horse Collar
18:38 Bow Saw
22:15 Fortified Wall
22:50 Loom
22:57 Gold Mining
22:58 Stone Mining
27:29 Imperial Age
26:55 Fletching
27:37 Bodkin Arrow
28:06 Padded Archer Armor
28:28 Ballistics
29:25 Chemistry
27:53 Crossbowman
28:35 Bracer
29:14 Arbalester
30:17 Ballistics
30:08 Masonry
31:39 Conscription
32:14 Gold Shaft Mining
33:20 Leather Archer Armor
36:14 Bogsveigar
37:28 Pikeman
37:55 Arson
38:11 Squires
38:13 Scale Mail Armor
38:23 Forging
ILoveOrangeJelly
9:34 Feudal Age
10:30 Double-Bit Axe
10:28 Horse Collar
18:02 Wheelbarrow
19:31 Castle Age
18:09 Wheelbarrow
20:47 Bow Saw
20:29 Gold Mining
21:34 Heavy Plow
21:42 Town Watch
21:44 Loom
23:26 Town Patrol
24:54 Stone Mining
27:14 Scale Barding Armor
27:22 Bloodlines
30:10 Imperial Age
28:22 Chain Barding Armor
28:12 Forging
28:54 Fletching
31:52 Plate Barding Armor
30:39 Cavalier
32:46 Conscription
35:16 Iron Casting
35:28 Paladin
Connection lost

Rejoining the realm…

Still unreachable

The connection could not be restored.

Session expired

The server has moved on; the page needs a fresh start.